 Dungeon Crawl Stone Soup version 0.31-a0-220-gc2f4f3cf83 (webtiles) character file.

Game seed: 17095256962434269287

20 qw the Shooter (level 2, -4/24 HPs)
             Began as a Minotaur Hexslinger on July 3, 2023.
             Slain by a gnoll
             ... wielding a +0 halberd
              (7 damage)
             ... on level 2 of the Dungeon.
             The game lasted 00:00:09 (427 turns).

qw the Shooter (Minotaur Hexslinger)                 Turns: 427, Time: 00:00:09

Health: -4/24      AC:  2    Str: 12    XL:     2   Next: 58%
Magic:  2/2        EV: 12    Int: 10    God:
Gold:   20         SH:  0    Dex: 12    Spells: 2/3 levels left

rFire   . . .        a - +1 sling
rCold   . . .        (no shield)
rNeg    . . .        c - +0 robe
rPois   .            (helmet restricted)
rElec   .            (no cloak)
rCorr   .            (no gloves)
SInv    .            (no boots)
Will    .....        (no amulet)
Stlth   +            (no ring)
HPRegen 0.24/turn    (no ring)
MPRegen 0.08/turn

%: no passive effects
@: no status effects
A: horns 2, retaliatory headbutt
a: no special abilities


You were on level 2 of the Dungeon.
You visited 1 branch of the dungeon, and saw 2 of its levels.

You collected 20 gold pieces.


Innate Abilities, Weirdness & Mutations

You have a pair of horns on your head.
You reflexively headbutt those who attack you in melee.


   Skills:
 - Level 2.2 Fighting
 + Level 3.1 Ranged Weapons
 - Level 2.1 Dodging
 - Level 1.0 Spellcasting
 - Level 2.0 Hexes


You had 2 spell levels left.
You knew the following spells:

 Your Spells              Type           Power      Damage    Failure   Level
a - Slow                  Hex            16%        N/A       16%         1

Your spell library contained the following spells:

 Spells                   Type           Power      Damage    Failure   Level
 Inner Flame              Hex/Fire       2%         N/A       56%         3
 Portal Projectile        Hex/Tloc       4%         N/A       56%         3
 Cause Fear               Hex            2%         N/A       83%         4

Inventory:

Hand Weapons
 a - a +1 sling (weapon)
Armour
 c - a +0 robe (worn)
 j - a +0 ring mail
Scrolls
 b - a scroll of poison
 e - a scroll of silence {unknown}
 k - a scroll of teleportation {unknown}
Potions
 d - a potion of mutation {unknown}
 f - a potion of curing {unknown}
 g - a potion of resistance {unknown}
 h - a potion of brilliance {unknown}
 i - a potion of might {unknown}

Dungeon Overview and Level Annotations

Branches:
Dungeon (1/15)

Altars:

Shops:
D:1 [!=?!


Message History

403 ||| SHOPLISTING potion of heal wounds (55 gold, have 20).
You can access your shopping list by pressing '$'.
403 ||| SHOPLISTING potion of resistance (110 gold, have 20).
You can access your shopping list by pressing '$'.
A sourceless malevolence fills the Dungeon...
You fall into a shaft and drop 1 floor!
The shaft crumbles and collapses. 2 gnolls come into view.
The gnoll shouts!
You hear a shout!
The gnoll moves out of view. x2
You hear a shout!
You hear an angry hiss.
A gnoll comes into view. It is wielding a +0 club.
Waypoint 1 assigned to D:2.
You shoot a sling bullet. The sling bullet hits the gnoll!
The gnoll is heavily wounded.
You hear a shout!
A dart slug comes into view.
420 ||| Stepping ~*~*~tactically~*~*~ (outnumbered).
A hobgoblin comes into view.
You shoot a sling bullet. The sling bullet hits the gnoll.
The gnoll is severely wounded.
You shoot a sling bullet. The sling bullet hits the gnoll.
The gnoll is almost dead.
The gnoll misses you.
You shoot a sling bullet.
The sling bullet barely misses the gnoll.
The gnoll hits you with a +0 club. x2; The gnoll barely misses you.
You shoot a sling bullet. The sling bullet hits the gnoll.
You kill the gnoll!
The gnoll hits you from afar with a +0 halberd!
Ouch! That really hurt!
A ball python comes into view.
Your Fighting skill increases to level 2!
You shoot a sling bullet.
The sling bullet barely misses the hobgoblin.
The ball python hisses angrily.
The gnoll closely misses you. The hobgoblin closely misses you.
You shoot a sling bullet.
The sling bullet closely misses the hobgoblin.
The gnoll hits you from afar with a +0 halberd!
You die...

###. .....
.#.. .... ...
... #.. #..
.. gS #. w#
#.###g##.##.
#
#...@.g.....
####.
##.##.##.##.
......##.##.#
#.......#
.....###.####
### #...
#.### #.# #.#


You could see 2 gnolls, a dart slug, a hobgoblin and a ball python.

Vanquished Creatures
  A gnoll (D:2)
  2 endoplasms (D:1)
  2 goblins (D:1)
  A hobgoblin (D:1)
  2 kobolds (D:1)
  A frilled lizard (D:1)
9 creatures vanquished.

Notes
Turn   | Place    | Note
-------+----------+-------------------------------------------
     0 | D:1      | qw the Minotaur Hexslinger began the quest for the Orb.
     0 | D:1      | Reached XP level 1. HP: 16/16 MP: 1/1
     0 | D:1      | 0 ||| qw: Version: 0.3-a-40-ge99b1a8
     0 | D:1      | 0 ||| qw: Game counter: 485
     0 | D:1      | 0 ||| qw: Melee chars always use a shield: true
     0 | D:1      | 0 ||| qw: God list: Okawaru
     0 | D:1      | 0 ||| qw: Allow faded altars: false
     0 | D:1      | 0 ||| qw: Do Orc after clearing Dungeon:15 true
     0 | D:1      | 0 ||| qw: Do second Lair branch before Depths: true
     0 | D:1      | 0 ||| qw: Lair rune preference: random
     0 | D:1      | 0 ||| qw: Goals: Normal
     0 | D:1      | 0 ||| PLANNING D:1-11
     8 | D:1      | 8 ||| SHOPLISTING dyed leather armour (80 gold, have 0).
     8 | D:1      | 8 ||| SHOPLISTING leather armour (32 gold, have 0).
     8 | D:1      | 8 ||| SHOPLISTING pair of boots (72 gold, have 0).
     8 | D:1      | 8 ||| SHOPLISTING pair of glowing gloves (120 gold, have
                  | 0).
     8 | D:1      | 8 ||| SHOPLISTING ring mail (64 gold, have 0).
   155 | D:1      | Found Siysuky's Magic Scroll Emporium.
   164 | D:1      | 164 ||| SHOPLISTING 3 scrolls of teleportation (108 gold,
                  | have 10).
   164 | D:1      | 164 ||| SHOPLISTING scroll of enchant weapon (90 gold, have
                  | 10).
   164 | D:1      | 164 ||| SHOPLISTING scroll of identify (24 gold, have 10).
   164 | D:1      | 164 ||| SHOPLISTING scroll of teleportation (36 gold, have
                  | 10).
   180 | D:1      | Reached skill level 3 in Ranged Weapons
   180 | D:1      | Reached XP level 2. HP: 23/23 MP: 2/2
   239 | D:1      | Found Ipoicevi's Distillery.
   249 | D:1      | 249 ||| SHOPLISTING 2 potions of curing (72 gold, have 10).
   249 | D:1      | 249 ||| SHOPLISTING potion of curing (36 gold, have 10).
   249 | D:1      | 249 ||| SHOPLISTING potion of enlightenment (60 gold, have
                  | 10).
   249 | D:1      | 249 ||| SHOPLISTING potion of resistance (120 gold, have
                  | 10).
   339 | D:1      | Found Zaggaran's Jewellery Shop.
   346 | D:1      | 346 ||| SHOPLISTING +6 ring of strength (504 gold, have
                  | 20).
   346 | D:1      | 346 ||| SHOPLISTING amulet of reflection (420 gold, have
                  | 20).
   346 | D:1      | 346 ||| SHOPLISTING amulet of regeneration (420 gold, have
                  | 20).
   346 | D:1      | 346 ||| SHOPLISTING ring of fire (350 gold, have 20).
   346 | D:1      | 346 ||| SHOPLISTING ring of poison resistance (280 gold,
                  | have 20).
   346 | D:1      | 346 ||| SHOPLISTING ring of positive energy (280 gold, have
                  | 20).
   346 | D:1      | 346 ||| SHOPLISTING ring of resist corrosion (280 gold,
                  | have 20).
   346 | D:1      | 346 ||| SHOPLISTING ring of willpower (350 gold, have 20).
   395 | D:1      | Found Sainli Lifo's Distillery.
   403 | D:1      | 403 ||| SHOPLISTING 2 potions of curing (66 gold, have 20).
   403 | D:1      | 403 ||| SHOPLISTING potion of cancellation (88 gold, have
                  | 20).
   403 | D:1      | 403 ||| SHOPLISTING potion of heal wounds (55 gold, have
                  | 20).
   403 | D:1      | 403 ||| SHOPLISTING potion of resistance (110 gold, have
                  | 20).
   412 | D:1      | You fall into a shaft and drop 1 floor!
   420 | D:2      | 420 ||| Stepping ~*~*~tactically~*~*~ (outnumbered).
   425 | D:2      | HP: 2/23 [gnoll/+0 halberd (12)]
   427 | D:2      | Slain by a gnoll

Levels and vault maps discovered:
D:1:      wander_arrival_lonely_grave, layout_basic, serial_shops, shop,
          nicolae_shop_advertising_works [nicolae_subvault_shop_adworks],
          nicolae_shop_gaudy_bauble, shop, shop, hangedman_decor_points
D:2:      minmay_skewed_foursquare, layout_loops_ring, uniq_jessica

Skill      XL: |  1  2 |
---------------+-------+-----
Ranged Weapons | 3 |  3.1
Fighting       | 2 |  2.2
Dodging        | |  2.1
Spellcasting   | |  1.0
Hexes          | |  2.0

Action                     || total
---------------------------++-------
   Fire: Sling             ||    28
  Dodge: Dodged            ||     4

Table legend:
 A = Non-vault XP
 B = Vault XP
 C = Vault XP percentage of total XP
 D = Non-vault monster count
 E = Vault monster count
 F = Vault count percentage of total count
                 A         B        C        D         E       F
            +---------+---------+-------+---------+---------+-------
      Total |      29 |       0 |   0.0 |       9 |       0 |   0.0
            +---------+---------+-------+---------+---------+-------
        D:1 |      14 |       0 |   0.0 |       8 |       0 |   0.0
        D:2 |      15 |       0 |   0.0 |       1 |       0 |   0.0
            +---------+---------+-------+---------+---------+-------
